 Dungeon Crawl Stone Soup version 0.31-a0-233-g139696dc86 (webtiles) character file.

Game seed: 1836416527110315494

1223 Tocho the Slasher (level 8, 0/28 (60) HPs)
             Began as a Human Reaver on July 9, 2023.
             Killed by divine providence
             ... invoked by an orc priest
              (12 damage)
             ... on level 7 of the Dungeon.
             The game lasted 00:16:54 (5702 turns).

Tocho the Slasher (Human Reaver)                    Turns: 5702, Time: 00:16:55

HP:   0/28 (60)     AC: 10    Str: 14    XL:     8   Next: 76%
MP:   11/11         EV: 13    Int: 14    God:
Gold: 372           SH:  0    Dex: 12    Spells: 3/12 levels left

rFire   . . .        a - +0 falchion
rCold   . . .        (no shield)
rNeg    . . .        b - +1 leather armour
rPois   .            h - +0 helmet
rElec   .            (no cloak)
rCorr   .            (no gloves)
SInv    .            n - +0 pair of boots
Will    .....        (no amulet)
Stlth   ++           k - +4 ring of protection
HPRegen 0.24/turn    (no ring)
MPRegen 0.12/turn

%: no passive effects
@: mighty, extremely drained
A: no striking features
a: no special abilities


You were on level 7 of the Dungeon.
You visited 1 branch of the dungeon, and saw 7 of its levels.

You collected 372 gold pieces.

Inventory:

Hand Weapons
 a - a +0 falchion (weapon)
Missiles
 t - 6 poisoned darts
Armour
 b - a +1 leather armour (worn)
 h - a +0 helmet (worn)
 n - a +0 pair of boots (worn)
Magical Staves
 f - a staff of air
Jewellery
 k - a +4 ring of protection (left hand)
 o - a ring of protection from fire
Wands
 e - a wand of flame (16)
 s - a wand of charming (6)
Scrolls
 g - a scroll of revelation
 i - 4 scrolls of identify
 l - a scroll of enchant weapon {unknown}
Potions
 d - 2 potions of cancellation


   Skills:
 + Level 3.9 Fighting
 + Level 6.3 Long Blades
 + Level 2.5 Armour
 + Level 5.0 Dodging
 - Level 1.7 Stealth
 + Level 2.5 Spellcasting
 + Level 3.8 Conjurations
 * Level 2.2 Necromancy
 + Level 1.2 Translocations


You had 3 spell levels left.
You knew the following spells:

 Your Spells              Type           Power      Damage    Failure   Level
a - Kiss of Death         Conj/Necr      40%        2d8       8%          1
b - Momentum Strike       Conj/Tloc      16%        3d8       16%         2
c - Hailstorm             Conj/Ice       7%         3d4       36%         3
d - Vampiric Draining     Necr           8%         2d6       32%         3

Your spell library contained the following spells:

 Spells                   Type           Power      Damage    Failure   Level
 Slow                     Hex            4%         N/A       28%         1
 Confusing Touch          Hex            1%         N/A       63%         3
 Olgreb's Toxic Radiance  Pois           1%         N/A       95%         4
 Discord                  Hex            0%         N/A       100%        8
 Ignition                 Fire           0%         3d3       100%        8


Dungeon Overview and Level Annotations

Branches:
Dungeon (7/15)
 Temple: D:4-7

Altars:
Hepliaklqana

Shops:
D:3 =

Annotations:
D:6 Edmund


Message History

You hear the roar of battle.
There is an entrance to a bailey on this level.
Hurry and find it before the portal closes forever!
The kobold shouts!
A kobold comes into view. It is wielding a +0 dagger.
The orc hits you with a +0 hand axe.
There is a stone staircase leading up here.
An orc comes into view. It is wielding a +0 club.
The orc barely misses you.
A kobold brigand comes into view.
It is wielding a +3 dagger and quivering curare-tipped darts. 2 kobolds come into view.
The kobold brigand shouts!
You hear a shout!
A kobold comes into view.
It is wielding a +0 short sword and quivering poisoned darts.
An orc priest comes into view. It is wielding a +2 flail of draining.
The kobold attacks as you move away! The kobold hits you but does no damage.
The orc attacks as you move away! The orc closely misses you.
The orc attacks as you move away! The orc misses you.
The kobold shouts!
The orc attacks as you move away! The orc completely misses you.
You hear the faint creaking of a distant portcullis.
The orc attacks as you move away! The orc misses you.
The orc attacks as you move away! The orc hits you but does no damage.
Found a stone staircase leading up.
You feel very mighty all of a sudden. The orc misses you.
You barely miss the orc. The orc barely misses you.
You slash the orc!
You kill the orc!
You slash the orc!
You kill the orc!
You slash the jelly!
You kill the jelly!
You slash the kobold!
You kill the kobold!
You slash the orc!
You kill the orc!
You slash the kobold!
You kill the kobold!
The orc priest mumbles some strange prayers to Beogh against you.
Beogh smites you!
You die...

........
..K..o.......
............
.K.Ko......
K....# ..#
#...# #.#
#...###.####
#...##o.K)@#
##...KK..###.#
###.....####
..# #....<###
.#<# ##..[..#
.#.# #..##)##
.. # #.# ##.#
#. #. ##.# . #
#.#


You could see a kobold brigand, an orc priest and 2 kobolds.

Vanquished Creatures
  Grum (D:6)
  An orc warrior (D:5)
  A black bear (D:4)
  An ice beast (D:7)
  2 scorpions (D:5)
  2 jellies
  9 hounds
  2 orc priests (D:5)
  An orc wizard (D:5)
  Robin (D:3)
  6 gnolls
  11 adders
  A white imp (D:5)
  A worm (D:2)
  A dart slug (D:1)
  12 orcs
  8 ball pythons
  3 endoplasms
  15 goblins
  8 hobgoblins
  6 jackals
  10 kobolds
  3 quokkas
  6 bats
  2 frilled lizards
  5 rats
119 creatures vanquished.

Notes
Turn   | Place    | Note
-------+----------+-------------------------------------------
     0 | D:1      | Tocho the Human Reaver began the quest for the Orb.
     0 | D:1      | Reached XP level 1. HP: 16/16 MP: 3/3
   104 | D:1      | Reached XP level 2. HP: 18/22 MP: 5/5
   181 | D:1      | HP: 1/22 [dart slug/slug dart (6)]
   478 | D:1      | Reached XP level 3. HP: 21/27 MP: 6/6
   947 | D:2      | Reached skill level 1 in Armour
   991 | D:2      | Found a faded altar of an unknown god.
  1028 | D:2      | Reached XP level 4. HP: 30/31 MP: 7/7
  1815 | D:3      | Found Tirphaar's Jewellery Shop.
  1888 | D:3      | Learned a level 2 spell: Momentum Strike
  1892 | D:3      | Learned a level 3 spell: Hailstorm
  2159 | D:3      | Noticed Robin
  2174 | D:3      | Reached XP level 5. HP: 26/31 MP: 4/8
  2203 | D:3      | Killed Robin
  2594 | D:4      | Reached skill level 1 in Stealth
  2984 | D:4      | Noticed a black bear
  2996 | D:4      | Killed a black bear
  2997 | D:4      | Reached skill level 4 in Long Blades
  2997 | D:4      | Reached skill level 1 in Translocations
  2997 | D:4      | Reached XP level 6. HP: 11/41 MP: 1/9
  3129 | D:4      | Found a hazy altar of Hepliaklqana.
  3578 | D:5      | Entered Level 5 of the Dungeon
  3874 | D:5      | Reached XP level 7. HP: 52/52 MP: 10/10
  3961 | D:5      | Reached skill level 5 in Long Blades
  4178 | D:5      | HP: 1/60 [orc warrior/+0 hand axe (5)]
  4771 | D:5      | Learned a level 3 spell: Vampiric Draining
  4785 | D:6      | Noticed Edmund
  4889 | D:5      | Reached XP level 8. HP: 15/37 MP: 8/11
  5051 | D:6      | Reached skill level 1 in Necromancy
  5270 | D:6      | Noticed Grum
  5280 | D:6      | Killed Grum
  5281 | D:6      | Reached skill level 6 in Long Blades
  5630 | D:7      | Reached skill level 5 in Dodging
  5702 | D:7      | Killed from afar by an orc priest

Illustrated notes

Levels and vault maps discovered:
D:1:      mushboom_english_gardens, layout_rooms, nicolae_twisty_statue_hallways
D:2:      layout_basic, ebering_ecumenical_altar_sacrificial
D:3:      layout_basic, serial_shops, shop_fountains, uniq_robin
D:4:      layout_loops_ring, marbit_many_paths
D:5:      layout_loops_ring
D:6:      nicolae_cairo_tiling_very_big, layout_cave_pools,
          minmay_temple_entry_butterflies, serial_gnoll_camp,
          gnoll_camp_mini_sergeant, gnoll_camp_medium_01, grums_kennel,
          gnoll_camp_mini_doghouse, gnoll_camp_mini_loothouse,
          gnoll_camp_mini_doghouse, uniq_edmund
D:7:      layout_layer_cave, enter_bailey_6, ebering_ghost_disaster_area

Skill      XL: |  1  2  3  4  5  6  7  8 |
---------------+-------------------------+-----
Armour         | 1 2 |  2.5
Dodging        | 3 4 5 |  5.0
Stealth        | 1 |  1.7
Fighting       | 3 |  3.9
Long Blades    | 4 5 6 |  6.3
Translocations | 1 |  1.2
Necromancy     | 2 |  2.2
Spellcasting   | |  2.5
Conjurations   | |  3.8

Action                     |  1- 3 |  4- 6 |  7- 9 || total
---------------------------+-------+-------+-------++-------
  Melee: Falchion          |   120 |   241 |   253 ||   614
         Punch             |       |       |     4 ||     4
   Cast: Kiss of Death     |     1 |     5 |    12 ||    18
         Momentum Strike   |       |     9 |     6 ||    15
    Use: Scroll            |       |    11 |     3 ||    14
         Potion            |       |     2 |    11 ||    13
   Stab: Sleeping          |       |     2 |     1 ||     3
 Armour: Leather armour    |    23 |   124 |   120 ||   267
         Skin              |       |    30 |    50 ||    80
  Dodge: Dodged            |    89 |   150 |   189 ||   428

Table legend: (Time is in decaauts)
 A = Elapsed time spent in this place.
 B = Non-inter-level travel time spent in this place.
 C = Inter-level travel time spent in this place.
 D = Time resting spent in this place.
 E = Time spent auto-exploring this place.
 F = Levels seen in this place.
 G = Mean time per level.
                   A        B        C        D        E       F      G
               +--------+--------+--------+--------+--------+-----+--------+
         Total |   5737 |   5618 |    119 |    119 |   4201 |   7 |  819.6 |
       Dungeon |   5737 |   5618 |    119 |    119 |   4201 |   7 |  819.6 |
               +--------+--------+--------+--------+--------+-----+--------+

Top non-repeatable levels by time:
     D:5: 1363 daAuts
     D:4: 1068 daAuts
     D:3: 893 daAuts
     D:2: 869 daAuts
     D:1: 765 daAuts
     D:6: 622 daAuts
     D:7: 153 daAuts
